 Dungeon Crawl Stone Soup version 0.30-a0-250-g41c1d76940 (webtiles) character file.

Game seed: 1402359510283915246

220 rogsnak the Magician (level 5, -4/38 HPs)
             Began as a Gnoll Hedge Wizard on Oct 13, 2022.
             Slain by an iguana (14 damage)
             ... on level 4 of the Dungeon.
             The game lasted 00:07:50 (3627 turns).

rogsnak the Magician (Gnoll Hedge Wizard)           Turns: 3627, Time: 00:07:50

Health: -4/38      AC:  2    Str:  9    XL:     5   Next: 97%
Magic:  16/23      EV: 13    Int: 15    God:
Gold:   146        SH:  0    Dex: 12    Spells: 12/18 levels left

rFire   . . .      SeeInvis .    s - +1 morningstar (holy)
rCold   . . .      Faith    .    (no shield)
rNeg    . . .      Spirit   .    b - +0 robe
rPois   .          Reflect  .    c - +0 hat
rElec   .          Harm     .    (no cloak)
rCorr   .          Rampage  .    (no gloves)
Will    .....                    (no boots)
Stlth   +++.......               (no amulet)
HPRegen 0.26/turn                n - ring of magical power
MPRegen 0.18/turn                (no ring)

@: very slightly contaminated
A: fangs 1, strong nose, distributed training
a: no special abilities


You were on level 4 of the Dungeon.
You visited 1 branch of the dungeon, and saw 4 of its levels.

You collected 146 gold pieces.

Inventory:

Hand Weapons
 a - a +0 dagger
 f - a +0 short sword
 s - a +1 morningstar of holy wrath (weapon)
 u - a +2 flail of protection
Missiles
 e - 34 stones
Armour
 b - a +0 robe (worn)
 c - a +0 hat (worn)
 k - a +0 buckler
 t - a +0 pair of boots
Magical Staves
 m - a staff of poison
Jewellery
 n - a ring of magical power (left hand)
 w - an amulet of the acrobat
Scrolls
 g - a scroll of amnesia {unknown}
 h - 4 scrolls of enchant weapon {unknown}
 l - 3 scrolls of teleportation {unknown}
 o - a scroll of fog {unknown}
 p - 3 scrolls of poison {unknown}
 q - a scroll of immolation {unknown}
 r - a scroll of blinking {unknown}
 v - a scroll of noise {unknown}
Potions
 d - a potion of magic
 i - a potion of brilliance {unknown}
 j - 5 potions of curing {unknown}


   Skills:
 + Level 1.8 Fighting
 + Level 1.8 Short Blades
 + Level 1.8 Long Blades
 + Level 1.8 Axes
 + Level 1.8 Maces & Flails
 + Level 1.8 Polearms
 + Level 1.8 Staves
 + Level 1.8 Ranged Weapons
 + Level 1.8 Throwing
 + Level 1.8 Armour
 + Level 4.9 Dodging
 + Level 4.5 Stealth
 + Level 1.8 Shields
 + Level 1.8 Unarmed Combat
 + Level 7.3 Spellcasting
 + Level 2.5 Conjurations
 + Level 1.4 Hexes
 + Level 2.5 Summonings
 + Level 1.4 Necromancy
 + Level 2.5 Translocations
 + Level 1.4 Transmutations
 + Level 1.4 Fire Magic
 + Level 1.4 Ice Magic
 + Level 1.4 Air Magic
 + Level 1.4 Earth Magic
 + Level 1.4 Poison Magic
 + Level 2.0 Invocations
 + Level 1.8 Evocations


You had 12 spell levels left.
You knew the following spells:

 Your Spells              Type           Power      Damage    Failure   Level
a - Magic Dart            Conj           52%        1d5       4%          1
b - Blink                 Tloc           26%        N/A       7%          2
c - Mephitic Cloud        Conj/Pois/Air  10%        N/A       19%         3

Your spell library contained the following spells:

 Spells                   Type           Power      Damage    Failure   Level
 Slow                     Hex            36%        N/A       7%          1
 Call Imp                 Summ           13%        N/A       7%          2
 Cigotuvi's Dreadful Rot  Necr/Pois/Air  18%        N/A       11%         2
 Ensorcelled Hibernation  Hex/Ice        18%        N/A       11%         2
 Gell's Gravitas          Tloc           13%        N/A       14%         3
 Lesser Beckoning         Tloc           26%        N/A       14%         3
 Teleport Other           Tloc           13%        N/A       14%         3
 Spider Form              Tmut/Pois      9%         N/A       22%         3
 Anguish                  Hex/Necr       4%         N/A       56%         4


Dungeon Overview and Level Annotations

Branches:
Dungeon (4/15)
 Temple: D:4-7

Altars:

Shops:
D:2 :


Innate Abilities, Weirdness & Mutations

You have very sharp teeth.
Your uncanny sense of smell can sniff out nearby items.
Your experience applies equally to all skills.


Message History

The magic dart hits the iguana but does no damage.
Unknown command.
You hit the iguana. Your bite misses the iguana.
The iguana is lightly wounded.
The iguana closely misses you.
The iguana hisses menacingly.
The iguana barely misses you.
You puncture the iguana!
The iguana is heavily wounded.
The iguana bites you!
You hit the iguana.
The iguana is severely wounded.
The iguana bites you!
You barely miss the iguana.
The iguana is severely wounded.
The iguana bites you.
* * * LOW HITPOINT WARNING * * *
The iguana barely misses you.
Casting: Magic Dart (safe; 4% risk of failure)
Confirm with . or Enter, or press ? or * to list all spells.
The spell is quite dangerous to miscast (19% risk of failure)!
Continue anyway?
Aiming: Mephitic Cloud (quite dangerous; 19% risk of failure)
Press: ? - help, Shift-Dir - straight line, p - iguana You miscast Mephitic Cloud.
You are very lightly contaminated with residual magic.
Nothing appears to happen.
The iguana barely misses you.
Unknown command.
Unknown command.
Unknown command.
Casting: Mephitic Cloud (quite dangerous; 19% risk of failure)
Confirm with . or Enter, or press ? or * to list all spells.
The spell is quite dangerous to miscast (19% risk of failure)!
Continue anyway?
Aiming: Mephitic Cloud (quite dangerous; 19% risk of failure)
Press: ? - help, Shift-Dir - straight line The ball explodes into a vile cloud!
The stinking cloud engulfs the iguana but does no damage.
The iguana is severely wounded.
The iguana is engulfed in noxious fumes.
The iguana bites you!
You die...

##.....#......+.............
######.#......#.............
######.#......#.............
....##.#......#....Y........
..<.##.#......#.........:...
....##.#......#.............
########......###....#####+
######..........######
##..............@l...#
##..............#☼☼☼.#
##..............#..○.#
##..............######
..)..##'###.†.......
....)#....#.........
.....#....#.........
.....#....#.........
.....#....#.........


You could see an iguana.

Vanquished Creatures
  A scorpion (D:3)
  7 adders
  2 worms (D:2)
  A dart slug (D:2)
  10 orcs
  4 endoplasms
  3 giant cockroaches
  9 goblins
  6 hobgoblins
  3 jackals
  5 quokkas
  9 ball pythons
  6 bats
  5 kobolds
  4 rats (D:2)
75 creatures vanquished.

Notes
Turn   | Place    | Note
-------+----------+-------------------------------------------
     0 | D:1      | rogsnak the Gnoll Hedge Wizard began the quest for the Orb.
     0 | D:1      | Reached XP level 1. HP: 13/13 MP: 8/8
   183 | D:1      | Reached XP level 2. HP: 19/19 MP: 2/10
   397 | D:1      | Found a faded altar of an unknown god.
  1083 | D:2      | Reached XP level 3. HP: 11/25 MP: 5/11
  1167 | D:2      | Learned a level 2 spell: Blink
  1171 | D:2      | Learned a level 3 spell: Mephitic Cloud
  1340 | D:2      | Reached skill level 1 in Invocations
  1509 | D:2      | Reached skill level 1 in Fighting
  1509 | D:2      | Reached skill level 1 in Short Blades
  1509 | D:2      | Reached skill level 1 in Long Blades
  1509 | D:2      | Reached skill level 1 in Axes
  1509 | D:2      | Reached skill level 1 in Maces & Flails
  1509 | D:2      | Reached skill level 1 in Polearms
  1509 | D:2      | Reached skill level 1 in Staves
  1509 | D:2      | Reached skill level 1 in Ranged Weapons
  1509 | D:2      | Reached skill level 1 in Throwing
  1509 | D:2      | Reached skill level 1 in Armour
  1509 | D:2      | Reached skill level 1 in Shields
  1509 | D:2      | Reached skill level 1 in Unarmed Combat
  1509 | D:2      | Reached skill level 1 in Evocations
  1742 | D:2      | Found Ufiob's Book Shop.
  1749 | D:2      | Reached XP level 4. HP: 32/32 MP: 5/13
  2005 | D:2      | Reached skill level 1 in Hexes
  2005 | D:2      | Reached skill level 1 in Necromancy
  2005 | D:2      | Reached skill level 1 in Transmutations
  2005 | D:2      | Reached skill level 1 in Fire Magic
  2005 | D:2      | Reached skill level 1 in Ice Magic
  2005 | D:2      | Reached skill level 1 in Air Magic
  2005 | D:2      | Reached skill level 1 in Earth Magic
  2005 | D:2      | Reached skill level 1 in Poison Magic
  2725 | D:3      | Reached XP level 5. HP: 21/37 MP: 14/14
  3592 | D:4      | Noticed an ice beast
  3627 | D:4      | Slain by an iguana

Illustrated notes

Levels and vault maps discovered:
D:1:      dpeg_arrival_pits, layout_basic, basic_ecumenical_altar,
          chequers_serial_rivers_large_b, hex_intersection,
          nicolae_kite_square_tiling_tiny
D:2:      layout_basic, serial_shops, shop, minmay_fractal_squares_gapless_5
D:3:      minmay_general_purpose_star, layout_basic
D:4:      layout_gridville, serial_shops, shop, nicolae_elevator_lobby_plus,
          uniq_sigmund

Skill      XL: |  1  2  3  4  5 |
---------------+----------------+-----
Conjurations   | 2 |  2.5
Summonings     | 2 |  2.5
Translocations | 2 |  2.5
Invocations    | 1 2 |  2.0
Fighting       | 1 |  1.8
Short Blades   | 1 |  1.8
Long Blades    | 1 |  1.8
Axes           | 1 |  1.8
Maces & Flails | 1 |  1.8
Polearms       | 1 |  1.8
Staves         | 1 |  1.8
Ranged Weapons | 1 |  1.8
Throwing       | 1 |  1.8
Armour         | 1 |  1.8
Shields        | 1 |  1.8
Unarmed Combat | 1 |  1.8
Evocations     | 1 |  1.8
Hexes          | 1 |  1.4
Necromancy     | 1 |  1.4
Transmutations | 1 |  1.4
Fire Magic     | 1 |  1.4
Ice Magic      | 1 |  1.4
Air Magic      | 1 |  1.4
Earth Magic    | 1 |  1.4
Poison Magic   | 1 |  1.4
Dodging        | |  4.9
Stealth        | |  4.5
Spellcasting   | |  7.3

Action                   |  1- 3 |  4- 6 || total
-------------------------+-------+-------++-------
Melee: Dagger            |     2 |       ||     2
       Short sword       |    12 |       ||    12
       Bite              |     3 |     4 ||     7
       Staff             |     5 |    28 ||    33
       Morningstar       |       |    16 ||    16
 Cast: Magic Dart        |   120 |   107 ||   227
       Mephitic Cloud    |     1 |     6 ||     7
 Stab: Confused          |       |     4 ||     4
Armor: Robe              |     9 |     3 ||    12
Dodge: Dodged            |    25 |    36 ||    61

Table legend: (Time is in decaauts)
 A = Elapsed time spent in this place.
 B = Non-inter-level travel time spent in this place.
 C = Inter-level travel time spent in this place.
 D = Time resting spent in this place.
 E = Time spent auto-exploring this place.
 F = Levels seen in this place.
 G = Mean time per level.
                   A        B        C        D        E       F      G
               +--------+--------+--------+--------+--------+-----+--------+
         Total |   3663 |   3618 |     45 |    345 |   2551 |   4 |  915.8 |
       Dungeon |   3663 |   3618 |     45 |    345 |   2551 |   4 |  915.8 |
               +--------+--------+--------+--------+--------+-----+--------+

Top non-repeatable levels by time:
     D:2: 1371 daAuts
     D:1: 1107 daAuts
     D:3: 812 daAuts
     D:4: 373 daAuts
